 Dungeon Crawl Stone Soup version 0.28-a0-793-g31680bbd8b (webtiles) character file.

Game seed: 17114892673157147454

67 ytrimaz the Skirmisher (level 3, 0/29 HPs)
             Began as a Demonspawn Fighter on Nov 3, 2021.
             Slain by a black bear (1 damage)
             ... on level 3 of the Dungeon.
             The game lasted 00:01:49 (2412 turns).

ytrimaz the Skirmisher (Demonspawn Fighter)         Turns: 2412, Time: 00:01:50

Health: 0/29       AC:  6    Str: 17    XL:     3   Next: 98%
Magic:  3/3        EV:  9    Int:  9    God:
Gold:   0          SH:  4    Dex: 12    Spells: 2/2 levels left

rFire   . . .      SeeInvis .   i - +0 rapier
rCold   . . .      Faith    .   c - +0 buckler
rNeg    . . .      Spirit   .   b - +0 scale mail
rPois   .          Reflect  .   (no helmet)
rElec   .          Harm     .   (no cloak)
rCorr   .          Rampage  .   (no gloves)
Will    .....                   (no boots)
Stlth   ..........              (no amulet)
HPRegen 0.09/turn               (no ring)
MPRegen 0.08/turn               (no ring)

@: mighty
A: claws 1
a: no special abilities


You were on level 3 of the Dungeon.
You visited 1 branch of the dungeon, and saw 3 of its levels.

Inventory:

Hand Weapons
 i - a +0 rapier (weapon)
Armour
 b - a +0 scale mail (worn)
 c - a +0 buckler (worn)
Scrolls
 a - a scroll of identify {unknown}
 f - a scroll of blinking {unknown}
 g - 2 scrolls of fear {unknown}
 h - a scroll of silence {unknown}
 j - a scroll of amnesia {unknown}
 o - a scroll of teleportation {unknown}
 p - a scroll of brand weapon {unknown}
 q - a scroll of enchant weapon {unknown}
Potions
 e - a potion of attraction {unknown}
 k - a potion of brilliance {unknown}
 l - a potion of curing {unknown}
 m - a potion of invisibility {unknown}
 n - a potion of lignification {unknown}
 r - a potion of mutation {unknown}


   Skills:
 * Level 3.3 Fighting
 - Level 1.8 Short Blades
 * Level 3.2 Armour
 * Level 1.1 Dodging
 * Level 3.2 Shields
 * Level 0.9 Unarmed Combat


You had 2 spell levels left.
You didn't know any spells.
Your spell library contained the following spells:

 Spells                   Type           Power      Damage    Failure   Level
 Corpse Rot               Necr/Air       0%         N/A       92%         2
 Poisonous Vapours        Pois/Air       0%         N/A       92%         2


Dungeon Overview and Level Annotations

Branches:
Dungeon (3/15)

Altars:


Innate Abilities, Weirdness & Mutations

You have sharp fingernails.


Message History

The black bear claws you but does no damage. x2
The black bear bites you. The black bear claws you.
The black bear claws you but does no damage.
You feel very mighty all of a sudden. The black bear misses you.
The black bear claws you but does no damage.
The black bear barely misses you.
You closely miss the black bear.
The black bear is lightly wounded.
The black bear bites you. You block the black bear's attack.
The black bear claws you but does no damage.
You hit the black bear.
The black bear is moderately wounded.
The black bear bites you but does no damage.
The black bear barely misses you.
The black bear claws you but does no damage.
You puncture the black bear!
The black bear is heavily wounded.
The black bear barely misses you. The black bear claws you.
You block the black bear's attack.
You barely miss the black bear.
The black bear is heavily wounded.
The black bear bites you. You block the black bear's attack.
The black bear claws you but does no damage.
You closely miss the black bear.
The black bear is heavily wounded.
The black bear barely misses you. The black bear claws you. x2
* * * LOW HITPOINT WARNING * * *
Your scale mail prevents you from hitting the black bear.
The black bear is heavily wounded.
The black bear bites you.
* * * LOW HITPOINT WARNING * * *
You block the black bear's attack.
The black bear claws you but does no damage.
You hit the black bear.
The black bear is severely wounded.
The black bear bites you.
* * * LOW HITPOINT WARNING * * *
The black bear claws you.
You die...

#. .. .#. ... ...
........ ... ....... #.#
#...#.# #S# #...#.# #h#
#...#.# #@# # #...#.#
#.# #.#...#.# #.#
#........ #.#
#######.#.## #######.#
#.......#.##
........#####.##...>....
######...........#..#.##
#.##.##..####..#.##
#.##.##........#..


You could see a black bear and a ball python.

Vanquished Creatures
  2 adders (D:2)
  A worm (D:2)
  2 dart slugs (D:2)
  5 bats
  2 endoplasms
  3 goblins
  3 hobgoblins (D:1)
  4 jackals (D:2)
  5 kobolds
  A quokka (D:1)
  3 ball pythons
  8 frilled lizards
  2 rats (D:2)
41 creatures vanquished.

Notes
Turn   | Place    | Note
-------+----------+-------------------------------------------
     0 | D:1      | ytrimaz the Demonspawn Fighter began the quest for the Orb.
     0 | D:1      | Reached XP level 1. HP: 18/18 MP: 1/1
   213 | D:1      | Gained mutation: You have sharp fingernails. [demonic
                  | ancestry]
   213 | D:1      | Reached XP level 2. HP: 23/24 MP: 2/2
   647 | D:1      | Found a faded altar of an unknown god.
  1174 | D:2      | Reached XP level 3. HP: 26/29 MP: 3/3
  1564 | D:2      | Reached skill level 1 in Dodging
  2398 | D:3      | Noticed a black bear
  2412 | D:3      | HP: 1/29 [black bear (3)]
  2412 | D:3      | Slain by a black bear

Illustrated notes

Levels and vault maps discovered:
D:1:      psy_arrival_statuary, layout_rooms,
          shapermc_ecumenical_altar_totnotflames
D:2:      layout_basic
D:3:      layout_loops_cross, mainiacjoe_overflow_boulevard,
          mainiacjoe_overflow_surrounded_room, serial_bayou_pond_e

Skill      XL: |  1  2  3 |
---------------+----------+-----
Armour         | 3 |  3.2
Shields        | 3 |  3.2
Dodging        | 1 |  1.1
Fighting       | |  3.3
Short Blades   | |  1.8
Unarmed Combat | |  0.9

Action                   || total
-------------------------++-------
Melee: Rapier            ||   107
       Unarmed           ||    40
  Use: Potion            ||     1
Armor: Scale mail        ||    54
Dodge: Dodged            ||    71
Block: Buckler           ||    39

Table legend: (Time is in decaauts)
 A = Elapsed time spent in this place.
 B = Non-inter-level travel time spent in this place.
 C = Inter-level travel time spent in this place.
 D = Time resting spent in this place.
 E = Time spent auto-exploring this place.
 F = Levels seen in this place.
 G = Mean time per level.
                   A        B        C        D        E       F      G
               +--------+--------+--------+--------+--------+-----+--------+
         Total |   2425 |   2374 |     51 |      0 |   2034 |   3 |  808.3 |
       Dungeon |   2425 |   2374 |     51 |      0 |   2034 |   3 |  808.3 |
               +--------+--------+--------+--------+--------+-----+--------+

Top non-repeatable levels by time:
     D:2: 1516 daAuts
     D:1: 800 daAuts
     D:3: 108 daAuts
